 Dungeon Crawl Stone Soup version 0.27.0-66-gdc8fb28755 (webtiles) character file.

Game seed: 4374694756180399301

251 pkoi the Ruffian (level 5, -6/50 HPs)
             Began as a Troll Monk on Aug 20, 2021.
             Was an Elder of Elyvilon.
             Mangled by a lemure (7 damage)
             ... led by Pikel
             ... on level 3 of the Dungeon.
             The game lasted 00:04:55 (2832 turns).

pkoi the Ruffian (Troll Monk)                       Turns: 2832, Time: 00:04:56

Health: -6/50      AC:  4    Str: 20    XL:     5   Next: 88%
Magic:  6/6        EV: 10    Int:  6    God:    Elyvilon [****..]
Gold:   225        SH:  0    Dex: 12    Spells: 4/4 levels left

rFire    . . .     SeeInvis .     - Unarmed
rCold    . . .     Faith    .   (no shield)
rNeg     . . .     Spirit   .   a - +0 robe
rPois    .         Reflect  .   (helmet restricted)
rElec    .         Harm     .   (no cloak)
rCorr    .         Rampage  .   (gloves unavailable)
Will     .....                  (boots unavailable)
Stlth    ++........             (no amulet)
HPRegen  1.16/turn              (no ring)
MPRegen  0.10/turn              (no ring)

@: no status effects
A: large, unfitting armour, claws 3, regeneration 1, shaggy fur 1, tough skin 1
a: Renounce Religion, Lesser Healing, Heal Other, Purification, Greater Healing,
Divine Protection


You were on level 3 of the Dungeon.
You worshipped Elyvilon.
Elyvilon was greatly pleased with you.
You visited 1 branch of the dungeon, and saw 4 of its levels.

You collected 225 gold pieces.

Inventory:

Armour
 a - a +0 robe (worn)
Scrolls
 e - a scroll of magic mapping
 f - a scroll of amnesia


   Skills:
 - Level 2.4 Fighting
 - Level 2.4 Dodging
 - Level 1.0 Stealth
 + Level 5.3 Unarmed Combat
 + Level 3.3 Invocations


You had 4 spell levels left.
You didn't know any spells.
Your spell library contained the following spells:

 Spells                   Type           Power      Damage    Failure   Level
 Beastly Appendage        Tmut           0%         N/A       45%         1
 Slow                     Hex            0%         N/A       58%         2
 Wereblood                Tmut           0%         N/A       58%         2
 Confusing Touch          Hex            0%         N/A       83%         3
 Spider Form              Tmut/Pois      0%         N/A       83%         3
 Yara's Violent Unravell  Hex/Tmut       0%         3d3       100%        5


Dungeon Overview and Level Annotations

Branches:
Dungeon (4/15)
 Temple: D:4-7

Altars:
Elyvilon
Gozag
Ru

Annotations:
D:3 Pikel


Innate Abilities, Weirdness & Mutations

You are too large for most types of armour.
You have claws for hands.
Your natural rate of healing is unusually fast.
You are covered in fur. (AC +1)
You have tough skin. (AC +1)


Message History

You scratch the lemure but do no damage.
You claw the lemure!
The lemure is moderately wounded.
Pikel hits you with a +2 whip of flaming.
Pikel burns you. The lemure barely misses you.
You scratch Pikel but do no damage.
Pikel is moderately wounded.
Pikel barely misses you.
You barely miss Pikel. Your claw misses Pikel.
Pikel is moderately wounded.
The lemure hits you.
Pikel hits you with a +2 whip of flaming.
Pikel burns you.
You scratch Pikel. Your claw misses Pikel.
Pikel is heavily wounded.
The lemure hits you!
Pikel hits you with a +2 whip of flaming.
Pikel burns you.
You barely miss Pikel.
Pikel is heavily wounded.
The lemure closely misses you. Pikel barely misses you.
You scratch Pikel.
Pikel is heavily wounded.
The lemure hits you!
You closely miss Pikel.
Pikel is heavily wounded.
Pikel hits you with a +2 whip of flaming!
* * * LOW HITPOINT WARNING * * *
Pikel burns you.
* * * LOW HITPOINT WARNING * * *
The lemure hits you!
* * * LOW HITPOINT WARNING * * *
You claw Pikel!
Pikel is almost dead.
Pikel hits you with a +2 whip of flaming!
Elyvilon protects you from harm! Pikel burns you.
* * * LOW HITPOINT WARNING * * *
The lemure hits you!
You die...

..#..#(.#..#..#..#...#.##########
#...#...#)..#...#...##.........#
...#....#....#....#............##
(....#.....#.....#.....#.........
.#.....†#......#.....###......###
....#.......#.......####......#
..............................###
######.#####...K###.###..........
#..# #...#@55.# #.#####.### #.##
#...###### #K# #.#.#
#####.######...########.#####.#.#
........................5.....#..
...............................>#
....###################.....5.#††
###.# ####.5....# #.#######
#.##.... #.......# #######
#.###...


You could see Pikel and 2 lemures.

Vanquished Creatures
  2 lemures (D:3)
  3 orc wizards
  Robin (D:3)
  6 adders
  An ufetubus (D:3)
  2 worms (D:3)
  2 dart slugs
  4 orcs
  5 ball pythons
  4 bats
  8 endoplasms
  5 giant cockroaches
  17 goblins
  6 hobgoblins
  7 jackals
  3 kobolds
  4 quokkas
  2 frilled lizards
  3 rats
85 creatures vanquished.

Vanquished Creatures (collateral kills)
  An orc (D:3)
1 creature vanquished.

Grand Total: 86 creatures vanquished

Notes
Turn   | Place    | Note
-------+----------+-------------------------------------------
     0 | D:1      | pkoi the Troll Monk began the quest for the Orb.
     0 | D:1      | Reached XP level 1. HP: 22/22 MP: 0/0
   108 | D:1      | Found a faded altar of an unknown god.
   119 | D:1      | Became a worshipper of Elyvilon the Healer
   119 | D:1      | Reached * piety under Elyvilon
   119 | D:1      | Reached ** piety under Elyvilon
   243 | D:1      | Reached XP level 2. HP: 27/29 MP: 1/1
   263 | D:1      | Reached *** piety under Elyvilon
   375 | D:1      | Reached skill level 1 in Invocations
   564 | D:1      | Reached XP level 3. HP: 36/36 MP: 2/2
  1019 | D:2      | Reached skill level 4 in Unarmed Combat
  1228 | D:2      | Reached XP level 4. HP: 42/44 MP: 4/4
  1352 | D:2      | Reached **** piety under Elyvilon
  1939 | D:3      | Elyvilon protects you from harm!
  1945 | D:3      | Elyvilon protects you from harm!
  1956 | D:3      | Found an opulent altar of Gozag.
  2022 | D:3      | Reached XP level 5. HP: 50/50 MP: 5/5
  2297 | D:3      | Reached skill level 5 in Unarmed Combat
  2338 | D:3      | Noticed Robin
  2363 | D:3      | Killed Robin
  2465 | D:3      | Found a sacrificial altar of Ru.
  2714 | D:4      | Noticed a lemure
  2714 | D:4      | Noticed a lemure
  2714 | D:4      | Noticed a lemure
  2715 | D:4      | Noticed Pikel
  2721 | D:4      | Noticed a lemure
  2740 | D:3      | Killed a lemure
  2754 | D:3      | Killed a lemure
  2789 | D:4      | Noticed a black bear
  2832 | D:3      | Elyvilon protects you from harm!
  2832 | D:3      | HP: 1/50 [Pikel (4)]
  2832 | D:3      | Mangled by a lemure

Illustrated notes

Levels and vault maps discovered:
D:1:      dpeg_arrival_more_subterranean_lakeside_camping, layout_loops_ring,
          dilly_ecumenical_altar_fadedgnrine
D:2:      layout_loops_ring
D:3:      layout_basic, amcnicky_altar_gilded,
          nicolae_ru_great_annihilating_truth, kennysheep_nondescript,
          chequers_decorated_corner, minmay_increasing_density, uniq_robin
D:4:      layout_rooms, uniq_blork_the_orc, uniq_grinder, uniq_edmund,
          uniq_pikel

Skill      XL: |  1  2  3  4  5 |
---------------+----------------+-----
Invocations    | 1 2 3 |  3.3
Unarmed Combat | 4 5 |  5.3
Fighting       | |  2.4
Dodging        | |  2.4
Stealth        | |  1.0

Action                   |  1- 3 |  4- 6 || total
-------------------------+-------+-------++-------
Melee: Unarmed           |    76 |   143 ||   219
       Punch             |     1 |     4 ||     5
Invok: Heal Other        |       |     2 ||     2
  Use: Scroll            |       |     6 ||     6
       Potion            |       |     1 ||     1
 Stab: Sleeping          |     4 |     1 ||     5
Armor: Robe              |    14 |    45 ||    59
Dodge: Dodged            |    34 |    73 ||   107
